[Event "Titled Tuesday Blitz May 23 Early 2023"]
[White "Kielinkei"]
[Black "Suyarov, Mukhammadzokhid"]
[BlackFideId "14210495"]
[WhiteElo "2451"]
[BlackElo "2361"]
[Result "0-1"]
[Round "02"]
[TimeControl "180+2"]
[Date "2023.05.23"]
[WhiteClock "0:00:09"]
[BlackClock "0:00:48"]

1. d4 e6 2. c4 b6 3. e4 Bb4+ 4. Bd2 Bxd2+ 5. Qxd2 d5 6. Nc3 dxe4 7. Nxe4 Bb7 8. Nc3 Nf6 9. Nf3 O-O 10. Be2 c5 11. O-O cxd4 12. Nxd4 e5 13. Nf3 Qxd2 14. Nxd2 Nc6 15. Bf3 Rab8 16. Rfd1 Kh8 17. Nd5 Nd4 18. Be4 Nxe4 19. Nxe4 Rfd8 20. Nec3 Rbc8 21. b3 b5 22. Ne3 bxc4 23. Nxc4 f6 24. Na4 Ba6 25. Nab2 h5 26. Kf1 h4 27. h3 Kh7 28. Rac1 Kg6 29. Rc3 Bb5 30. Rdc1 Rd7 31. Ke1 Rdc7 32. Kd2 Kh7 33. Nd6 Rxc3 34. Nxc8 Rxc1 35. Kxc1 Bf1 36. g3 hxg3 37. fxg3 Bxh3 38. Nxa7 Ne2+ 39. Kd2 Nxg3 40. b4 f5 41. b5 f4 42. b6 Bg2 43. Nd3 Ne4+ 44. Kc2 Nd6 45. Nxe5 f3 46. Nd3 Bf1 47. Nf2 Ba6 48. Kd2 Nc4+ 49. Ke1 Nxb6 50. Nc6 Nd5 51. Ne5 Be2 52. Kd2 g5 53. a4 Nc7 54. a5 Nd5 55. a6 Bxa6 56. Nxf3 Kg6 57. Nxg5 Kxg5 58. Ne4+ Kf4 59. Nc3 Nb6 60. Ne2+ Ke5 61. Nc3 Nc4+ 62. Kc2 Kd4 63. Ne2+ Kc5 64. Nc3 Ne5 65. Ne4+ Kd4 66. Nc3 Bc4 67. Kd2 Bd3 68. Ne2+ Kc4 69. Nf4 Bh7 70. Ke3 Kc3 71. Nd5+ Kc4 72. Nf4 Ng4+ 73. Kf3 Nf6 74. Ke3 Kc5 75. Nd3+ Kd6 76. Nf4 Ke5 77. Nd3+ Kf5 78. Kd4 Bg8 79. Nc5 Nh5 80. Nd3 Ng3 81. Nc5 Bf7 82. Kd3 Ke5 83. Kc3 Kd5 84. Nd3 Ne4+ 85. Kc2 Kd4 86. Nb4 Be8 87. Kb2 Nc5 88. Nc2+ Kd3 89. Nb4+ Kc4 90. Nc2 Nd3+ 91. Ka3 Bc6 92. Ne3+ Kc3 93. Nd1+ Kc2 94. Ne3+ Kd2 95. Nc4+ Kc3 96. Ne3 Nf2 97. Ka2 Kd3 98. Nf5 Bd7 99. Nd6 Kd4 100. Kb3 Kc5 101. Nf7 Be6+ 102. Kc3 Bxf7 103. Kd2 Kd4 104. Ke2 Nd3 105. Kd2 Nc5 106. Ke2 Bh5+ 107. Kd2 Nb3+ 108. Kc2 Kc4 109. Kb2 Kb4 110. Kc2 Be2 111. Kb2 Bd3 112. Ka2 Kc3 113. Ka3 Bb1 114. Ka4 Nd4 115. Ka3 Nb5+ 116. Ka4 Kc4 117. Ka5 Kc5 118. Ka6 Nd6 119. Ka5 Bc2 120. Ka6 Bd1 121. Ka5 Nb7+ 122. Ka6 Kc6 123. Ka7 Kc7 124. Ka6 Be2+ 125. Ka7 Nd6 126. Ka8 Bf1 127. Ka7 Nc8+ 128. Ka8 Bg2# 0-1


[Site "https://www.chess.com"]

[Event "Titled Tuesday Blitz May 23 Early 2023"]
[White "Begunov, Konstantin"]
[Black "Vitiugov, Nikita"]
[WhiteFideId "4118510"]
[BlackFideId "4152956"]
[WhiteElo "2050"]
[BlackElo "2673"]
[Result "0-1"]
[Round "02"]
[TimeControl "180+2"]
[Date "2023.05.23"]
[WhiteClock "0:00:00"]
[BlackClock "0:00:11"]

1. d4 Nf6 2. c4 g6 3. f3 d6 4. e4 e5 5. Ne2 Nc6 6. Nbc3 Bg7 7. Bg5 h6 8. Be3 a6 9. d5 Ne7 10. Qd2 h5 11. O-O-O Nd7 12. Kb1 a5 13. Nc1 Nc5 14. Nd3 b6 15. a3 Nb3 16. Qf2 a4 17. Ka2 Bd7 18. Nb5 Bh6 19. Bxh6 Rxh6 20. Nc1 Nc5 21. Nd3 Kf8 22. Nxc5 bxc5 23. Bd3 Bxb5 24. cxb5 Nc8 25. b4 cxb4 26. axb4 Nb6 27. Rc1 Kg7 28. Rc6 Rh8 29. Rhc1 Ra7 30. h4 Qe7 31. g3 Rb8 32. Ka3 Rbb7 33. Bf1 Qf6 34. Qe3 Qe7 35. Bh3 Qf6 36. Qc3 Qe7 37. f4 Kg8 38. fxe5 dxe5 39. Rf1 Na8 40. d6 cxd6 41. Rc8+ Kg7 42. g4 Nc7 43. Ka2 Nxb5 44. Qg3 Qe6+ 45. Ka1 Qb3 46. Qxb3 axb3+ 47. Kb2 Nd4 48. gxh5 Ra2+ 49. Kb1 Rba7 50. hxg6 Ra1+ 51. Kb2 R7a2+ 52. Kc3 Rxf1 53. Bxf1 Rc2+ 54. Kd3 Rxc8 55. gxf7 b2 0-1


[Site "https://www.chess.com"]

[Event "Titled Tuesday Blitz May 23 Early 2023"]
[White "Ziatdinov, Raset"]
[Black "carokannlover213"]
[WhiteFideId "2015323"]
[WhiteElo "2220"]
[BlackElo "2706"]
[Result "0-1"]
[Round "02"]
[TimeControl "180+2"]
[Date "2023.05.23"]
[WhiteClock "0:00:00"]
[BlackClock "0:00:08"]

1. e4 e5 2. Nf3 Nf6 3. Nxe5 d6 4. Nf3 Nxe4 5. d3 Nf6 6. d4 d5 7. Bd3 Bd6 8. O-O O-O 9. Bg5 h6 10. Bh4 Re8 11. Nc3 c6 12. Qd2 Be6 13. Rfe1 Nbd7 14. Ne5 Be7 15. Ne2 Nxe5 16. dxe5 Nd7 17. Bxe7 Rxe7 18. f4 Qb6+ 19. Kh1 Nc5 20. Ng3 Bd7 21. f5 Rae8 22. Qf4 Qc7 23. Qd4 Nxd3 24. cxd3 Rxe5 25. Rxe5 Qxe5 26. Qxa7 Qxb2 27. Rf1 Bc8 28. f6 g6 29. Qc5 Qe5 30. Qc1 Qe3 31. Qc3 Bg4 32. a4 h5 33. a5 h4 0-1


[Site "https://www.chess.com"]

[Event "Titled Tuesday Blitz May 23 Early 2023"]
[White "Sargissyan, Sargis"]
[Black "Mikhailovsky, Vladimir"]
[WhiteFideId "13303210"]
[BlackFideId "34105414"]
[WhiteElo "2109"]
[BlackElo "2271"]
[Result "0-1"]
[Round "02"]
[TimeControl "180+2"]
[Date "2023.05.23"]
[WhiteClock "0:01:30"]
[BlackClock "0:00:50"]

1. e4 e5 2. Nf3 d5 3. exd5 e4 4. Ng5 Qxg5 5. Nc3 Nf6 6. d3 Qe5 7. d4 Qf5 8. Bc4 Bd6 9. O-O O-O 10. h3 Qg6 11. Kh1 Nbd7 12. f3 Nb6 13. Bb3 Qg3 14. f4 Re8 15. Ne2 Qh4 16. c4 Bf8 17. Be3 Bxh3 18. Bf2 Qh5 19. gxh3 Qxh3+ 20. Kg1 Ng4 21. Bg3 Ne3 0-1


[Site "https://www.chess.com"]

[Event "Titled Tuesday Blitz May 23 Early 2023"]
[White "Antal, Gergely"]
[Black "Urquhart, Ed"]
[WhiteFideId "717312"]
[BlackFideId "2603748"]
[WhiteElo "2471"]
[BlackElo "2184"]
[Result "0-1"]
[Round "02"]
[TimeControl "180+2"]
[Date "2023.05.23"]
[WhiteClock "0:00:43"]
[BlackClock "0:00:45"]

1. b3 Nf6 2. Bb2 e6 3. g3 d5 4. Bg2 Be7 5. Nf3 O-O 6. O-O b6 7. e3 Bb7 8. c4 c5 9. Qc2 Nc6 10. Rd1 Rc8 11. a3 Qc7 12. Nc3 Qb8 13. Rac1 Rfd8 14. Qb1 d4 15. Ne2 e5 16. exd4 exd4 17. Re1 Bf8 18. Nf4 a5 19. h4 Re8 20. Nd5 Nxd5 21. cxd5 Ne7 22. Ng5 g6 23. h5 Nxd5 24. hxg6 hxg6 25. Be4 Bh6 26. Nxf7 Kxf7 27. Bxg6+ Kg7 28. Bxe8 Rxe8 29. Qf5 Nf6 30. Re6 Rxe6 31. Qxe6 Qc7 32. Bxd4 Qd8 33. Qxb6 Qxb6 0-1


[Site "https://www.chess.com"]

[Event "Titled Tuesday Blitz May 23 Early 2023"]
[White "Hoffmann, Asa"]
[Black "Prohaszka, Peter"]
[WhiteFideId "2001470"]
[BlackFideId "726265"]
[WhiteElo "2117"]
[BlackElo "2626"]
[Result "1-0"]
[Round "02"]
[TimeControl "180+2"]
[Date "2023.05.23"]
[WhiteClock "0:00:29"]
[BlackClock "0:00:08"]

1. d4 d5 2. Bg5 f6 3. Bf4 Nc6 4. Nf3 g5 5. Bg3 h5 6. h3 Nh6 7. e3 Nf5 8. Bh2 g4 9. hxg4 hxg4 10. Bxc7 Rxh1 11. Bxd8 gxf3 12. Qxf3 Nxd8 13. Qxd5 Be6 14. Qf3 Nh4 15. Qg3 Bd5 16. f3 e6 17. Nc3 Bb4 18. O-O-O Kf7 19. Nxd5 exd5 20. Qc7+ Be7 21. Qa5 Nc6 22. Qxd5+ Kg7 23. Bc4 Rxd1+ 24. Kxd1 Rf8 25. Qe6 f5 26. d5 Rd8 27. Ke2 Rd6 28. Qc8 Ne5 29. Qxb7 Kf6 30. Bb3 Nxg2 31. c4 Rb6 32. Qxa7 Bc5 33. Qc7 Bxe3 34. c5 Ra6 35. d6 Bd4 36. d7 Nf4+ 37. Kd1 Nxd7 38. Qxd7 Bxb2 39. c6 Ra5 40. c7 Rc5 41. c8=Q Rxc8 42. Qxc8 Nd3 43. Kc2 Nb4+ 44. Kxb2 f4 45. a3 Ke5 46. axb4 Kd4 47. Ka3 Kd3 48. Qf5+ Kd4 49. Bd5 Kc3 50. Qxf4 Kc2 51. Qe3 Kd1 52. Qf2 Kc1 53. Kb3 Kd1 54. Kc3 Kc1 55. Qc2# 1-0


[Site "https://www.chess.com"]

[Event "Titled Tuesday Blitz May 23 Early 2023"]
[White "Gheorghiu, Calin"]
[Black "Hercegovac, Neven"]
[WhiteFideId "1200305"]
[BlackFideId "2839135"]
[WhiteElo "2223"]
[BlackElo "2075"]
[Result "1-0"]
[Round "02"]
[TimeControl "180+2"]
[Date "2023.05.23"]
[WhiteClock "0:00:10"]
[BlackClock "0:00:06"]

1. e4 e6 2. d4 d5 3. Nc3 Bb4 4. e5 c5 5. a3 Bxc3+ 6. bxc3 Ne7 7. Qg4 Qc7 8. Qxg7 Rg8 9. Qxh7 cxd4 10. Ne2 Nbc6 11. f4 dxc3 12. Qd3 Bd7 13. Nxc3 Nf5 14. Nb5 Qb8 15. g4 Rxg4 16. Bh3 Nxe5 17. fxe5 Qxe5+ 18. Kd1 a6 19. Nc7+ Qxc7 20. Bxg4 Bb5 21. Qh3 Qe5 22. Rb1 Rc8 23. Re1 Qd4+ 24. Bd2 Ba4 25. Bxf5 Kd8 26. Bd3 e5 27. Qh8+ Kd7 28. Bf5+ Kd6 29. Qf6+ Kc5 30. Qe7+ 1-0


[Site "https://www.chess.com"]

[Event "Titled Tuesday Blitz May 23 Early 2023"]
[White "Srihari L R"]
[Black "Kirillov, Dmitry"]
[WhiteFideId "46617116"]
[BlackFideId "34180572"]
[WhiteElo "2334"]
[BlackElo "2161"]
[Result "1-0"]
[Round "02"]
[TimeControl "180+2"]
[Date "2023.05.23"]
[WhiteClock "0:01:28"]
[BlackClock "0:00:07"]

1. Nf3 d5 2. c4 e6 3. b3 Nf6 4. Bb2 Be7 5. g3 O-O 6. Bg2 c5 7. O-O Nc6 8. e3 dxc4 9. bxc4 Qd3 10. Qb3 Rd8 11. Rd1 Nb4 12. Ne5 Qc2 13. Na3 Qxb3 14. axb3 Nd3 15. Nxd3 Rxd3 16. Bc3 Bd7 17. Bxb7 Rb8 18. Bf3 Rxb3 19. Nb5 Bxb5 20. cxb5 Nd5 21. Rxa7 Nxc3 22. dxc3 Rxd1+ 23. Bxd1 Rb1 24. Rxe7 Rxd1+ 25. Kg2 Kf8 26. Rc7 Rd5 27. b6 1-0


[Site "https://www.chess.com"]

[Event "Titled Tuesday Blitz May 23 Early 2023"]
[White "Real_taiatai"]
[Black "Itgelt, Khuyagtsogt"]
[BlackFideId "4902912"]
[WhiteElo "2325"]
[BlackElo "2227"]
[Result "1-0"]
[Round "02"]
[TimeControl "180+2"]
[Date "2023.05.23"]
[WhiteClock "0:00:18"]
[BlackClock "0:00:00"]

1. d4 Nf6 2. c4 g6 3. Nc3 d5 4. Nf3 Bg7 5. cxd5 Nxd5 6. Bd2 c5 7. dxc5 Nxc3 8. Bxc3 Bxc3+ 9. bxc3 Qxd1+ 10. Rxd1 Na6 11. c6 bxc6 12. e4 Nc5 13. Nd2 Be6 14. f3 Bxa2 15. Ra1 Be6 16. Ra5 Nb7 17. Ra6 Kd7 18. Bc4 Rhc8 19. Ke2 Nc5 20. Ra5 Nb7 21. Ra6 Nd6 22. Bd3 Nb5 23. Rc1 Kc7 24. Ke3 Kb7 25. Raa1 a5 26. c4 Nd6 27. e5 Nf5+ 28. Bxf5 Bxf5 29. g4 Be6 30. Ne4 c5 31. Rcb1+ Kc6 32. Rb5 Bxc4 33. Rxc5+ Kd7 34. Raxa5 Be6 35. Rxc8 Rxa5 36. Rc3 Ke8 37. Kf4 Bd5 38. Rc8+ Kd7 39. Rh8 Bxe4 40. Kxe4 h5 41. gxh5 gxh5 42. Rxh5 Ra1 43. f4 f6 44. exf6 exf6 45. Kf5 Ra5+ 46. Kg6 Ra4 47. f5 Ke7 48. Rh7+ Kf8 49. Kxf6 Ra6+ 50. Kg5 Ra1 51. f6 Rg1+ 52. Kh6 Rf1 53. Kg6 Rg1+ 54. Kh5 Rf1 55. Kg5 Rg1+ 56. Kh4 Rf1 57. Rh6 Kf7 58. h3 Ra1 59. Kh5 1-0


[Site "https://www.chess.com"]

[Event "Titled Tuesday Blitz May 23 Early 2023"]
[White "Melikyan, Gnel"]
[Black "Goswami, Vedant"]
[WhiteFideId "54109990"]
[BlackFideId "5003725"]
[WhiteElo "2138"]
[BlackElo "2011"]
[Result "1-0"]
[Round "02"]
[TimeControl "180+2"]
[Date "2023.05.23"]
[WhiteClock "0:00:37"]
[BlackClock "0:00:03"]

1. b4 g6 2. Bb2 Nf6 3. Bxf6 exf6 4. a3 a5 5. b5 b6 6. e3 Bb7 7. Nf3 Bg7 8. c4 O-O 9. Nc3 f5 10. d4 f4 11. exf4 Re8+ 12. Be2 Bxf3 13. gxf3 c5 14. bxc6 Nxc6 15. Nb5 Qf6 16. Qd2 Nxd4 17. Nxd4 Qxd4 18. Qxd4 Bxd4 19. Rd1 Bc5 20. a4 Re7 21. Kf1 Rae8 22. Bd3 Bb4 23. f5 Kg7 24. fxg6 hxg6 25. Kg2 Re1 26. Be4 Rxh1 27. Kxh1 d6 28. Kg2 f5 29. Bd3 Bc5 30. h4 Kf6 31. Rh1 Rh8 32. f4 Rh7 33. Be2 Rh8 34. Bf3 Rh7 35. Kg3 Rh8 36. Re1 Kf7 37. Bd5+ Kg7 38. Re7+ Kh6 39. Re6 Rh7 40. Bf3 Rg7 41. Be2 Kh7 42. Bd3 Kg8 43. Rf6 Bb4 44. Kf3 Bc5 45. h5 gxh5 46. Bxf5 h4 47. Be6+ Kh7 48. Bf5+ Kg8 49. Rh6 Rf7 50. Be6 Kg7 51. Rxh4 Re7 52. f5 Bd4 53. Rxd4 Kf6 54. Rxd6 1-0


[Site "https://www.chess.com"]

[Event "Titled Tuesday Blitz May 23 Early 2023"]
[White "Novik, Maxim"]
[Black "agvania123"]
[WhiteFideId "4102924"]
[WhiteElo "2287"]
[BlackElo "2241"]
[Result "1/2-1/2"]
[Round "02"]
[TimeControl "180+2"]
[Date "2023.05.23"]
[WhiteClock "0:00:35"]
[BlackClock "0:00:19"]

1. d4 Nf6 2. c4 e6 3. Nc3 Bb4 4. e3 O-O 5. Bd3 d5 6. cxd5 exd5 7. a3 Bd6 8. Qc2 c6 9. Nf3 Nbd7 10. b4 Re8 11. Bb2 Qe7 12. O-O Ne4 13. Nd2 f5 14. Rae1 Ndf6 15. f4 g5 16. fxg5 Ng4 17. Nf3 Qc7 18. g3 Nxg3 19. hxg3 Bxg3 20. Ne5 Nxe5 21. dxe5 Bxe1 22. Rxe1 Qxe5 23. Nd1 Qg3+ 24. Kf1 f4 25. Bxh7+ Kf8 26. Qf2 Bh3+ 27. Ke2 Bg4+ 28. Kf1 Bh3+ 29. Ke2 Bg4+ 30. Kf1 Bh3+ 1/2-1/2


[Site "https://www.chess.com"]

[Event "Titled Tuesday Blitz May 23 Early 2023"]
[White "Todorovic, Bojan"]
[Black "Ginzburg, Yakov"]
[WhiteFideId "917087"]
[BlackFideId "4157176"]
[WhiteElo "2266"]
[BlackElo "2305"]
[Result "0-1"]
[Round "02"]
[TimeControl "180+2"]
[Date "2023.05.23"]
[WhiteClock "0:00:50"]
[BlackClock "0:00:14"]

1. d4 d5 2. c4 c6 3. Nf3 Nf6 4. e3 a6 5. Nc3 b5 6. b3 Bg4 7. Bd3 e6 8. h3 Bh5 9. O-O Nbd7 10. Bb2 Be7 11. Qc2 Bxf3 12. gxf3 O-O 13. e4 e5 14. cxd5 exd4 15. Ne2 cxd5 16. Nxd4 Ne5 17. Be2 Rc8 18. Qb1 Nh5 19. Nf5 Bd6 20. Rc1 Nf4 21. Bf1 Qg5+ 22. Ng3 Nxf3+ 23. Kh1 Nh5 24. Rxc8 Nxg3+ 25. fxg3 Qxg3 26. Rxf8+ Bxf8 0-1


[Site "https://www.chess.com"]

[Event "Titled Tuesday Blitz May 23 Early 2023"]
[White "Steinberg, Nitzan"]
[Black "Dahlgren, James Allen"]
[WhiteFideId "2801795"]
[BlackFideId "22256873"]
[WhiteElo "2486"]
[BlackElo "2194"]
[Result "1-0"]
[Round "02"]
[TimeControl "180+2"]
[Date "2023.05.23"]
[WhiteClock "0:01:39"]
[BlackClock "0:00:38"]

1. Nf3 d5 2. g3 c5 3. Bg2 Nc6 4. O-O e5 5. d3 f6 6. c4 d4 7. a3 a5 8. e3 Bd6 9. exd4 Nxd4 10. Nxd4 cxd4 11. Nd2 Ne7 12. Ne4 O-O 13. Bd2 Ng6 14. Re1 f5 15. Nxd6 Qxd6 16. b4 a4 17. b5 Re8 18. Bb4 Qf6 19. c5 Rb8 20. Rc1 Be6 21. Qxa4 h5 22. Qd1 h4 23. c6 bxc6 24. Bxc6 Rec8 25. Bd6 hxg3 26. hxg3 f4 27. Qh5 fxg3 28. fxg3 Bf7 29. Bxb8 Rxb8 30. Rf1 Nf4 31. Qg4 Bh5 32. Qxh5 Nxh5 33. Rxf6 gxf6 34. Kf2 f5 35. a4 Nf6 36. a5 e4 37. a6 1-0


[Site "https://www.chess.com"]

[Event "Titled Tuesday Blitz May 23 Early 2023"]
[White "Bogaudinov, Rushan"]
[Black "Kozak, Adam"]
[WhiteFideId "4129288"]
[BlackFideId "753246"]
[WhiteElo "1941"]
[BlackElo "2469"]
[Result "0-1"]
[Round "02"]
[TimeControl "180+2"]
[Date "2023.05.23"]
[WhiteClock "0:00:00"]
[BlackClock "0:01:16"]

1. e4 c5 2. Nf3 d6 3. d4 cxd4 4. Nxd4 Nf6 5. Nc3 a6 6. h3 e6 7. g4 b5 8. Bg2 Bb7 9. g5 Nfd7 10. h4 Nc6 11. Be3 Rc8 12. a3 Nde5 13. O-O Nc4 14. Rb1 Nxe3 15. fxe3 Ne5 16. Qe2 h6 17. Nf3 hxg5 18. hxg5 Rc5 19. Rbd1 Qe7 20. a4 Nxf3+ 21. Qxf3 Rxg5 22. axb5 axb5 23. Ra1 g6 24. Ra7 Bg7 25. Nxb5 Rxb5 26. Qe2 Rxb2 27. Qc4 O-O 28. e5 Qg5 29. Rxb7 Rxb7 30. exd6 Rd7 31. Qc6 Rfd8 32. Rd1 Qxe3+ 33. Kh1 Be5 0-1


[Site "https://www.chess.com"]

[Event "Titled Tuesday Blitz May 23 Early 2023"]
[White "Fernandez Siles, Luis"]
[Black "Pranesh M"]
[WhiteFideId "2209420"]
[BlackFideId "35028600"]
[WhiteElo "2195"]
[BlackElo "2437"]
[Result "0-1"]
[Round "02"]
[TimeControl "180+2"]
[Date "2023.05.23"]
[WhiteClock "0:00:09"]
[BlackClock "0:01:14"]

1. d4 d5 2. c4 c6 3. Nc3 Nf6 4. cxd5 cxd5 5. Bf4 Nc6 6. e3 Bf5 7. Qb3 Qb6 8. Qxb6 axb6 9. Bb5 Bd7 10. Nf3 e6 11. O-O Bb4 12. Rfc1 O-O 13. Na4 Ra5 14. Bxc6 Bxc6 15. Nxb6 Ra6 16. a3 Be7 17. Bc7 Ne8 18. Ne5 Nxc7 19. Nxc6 bxc6 20. Rxc6 Bd8 21. Rac1 Re8 22. Nd7 Ra7 23. Ne5 f6 24. Nd3 Kf7 25. Rb6 Na6 26. Rb5 Be7 27. Rc6 Nc7 28. Rbb6 Na8 29. Rb5 Rd8 30. Nc5 Rd6 31. Rxd6 Bxd6 32. Nb7 Ke7 33. Nxd6 Kxd6 34. Kf1 Nc7 35. Rb6+ Kd7 36. Ke2 Ra6 37. Rb7 Kc8 38. Rb4 Rc6 39. Kd2 Na8 40. a4 Nc7 41. Rb5 Nxb5 0-1


[Site "https://www.chess.com"]

[Event "Titled Tuesday Blitz May 23 Early 2023"]
[White "Fierro Baquero, Martha L."]
[Black "Timofeev, Artyom"]
[WhiteFideId "3600270"]
[BlackFideId "4140419"]
[WhiteElo "2259"]
[BlackElo "2586"]
[Result "0-1"]
[Round "02"]
[TimeControl "180+2"]
[Date "2023.05.23"]
[WhiteClock "0:00:00"]
[BlackClock "0:01:14"]

1. g3 d5 2. Bg2 e5 3. c4 d4 4. d3 Nf6 5. Nf3 Nc6 6. O-O a5 7. e3 Be7 8. exd4 exd4 9. Re1 O-O 10. Ne5 Nxe5 11. Rxe5 c6 12. Bg5 h6 13. Bxf6 Bxf6 14. Re1 a4 15. Nd2 a3 16. b4 Bf5 17. Ne4 Be7 18. Rb1 Re8 19. b5 Qc7 20. bxc6 bxc6 21. Qf3 Bd7 22. Rb3 Rab8 23. Reb1 Rxb3 24. Rxb3 Rb8 25. Qd1 Bb4 26. Qb1 c5 27. Nd2 Ba4 28. Nf3 Bxb3 29. Qxb3 Qe7 30. h4 g6 31. h5 g5 32. Bh3 Qe2 33. Kg2 Ra8 34. Bf5 Qb2 35. Qd1 Qxa2 36. Ne5 Re8 37. Ng4 Qe2 38. Qa4 Kg7 39. Qc6 Re6 40. Bxe6 Qxe6 41. Qf3 a2 0-1


[Site "https://www.chess.com"]

[Event "Titled Tuesday Blitz May 23 Early 2023"]
[White "Gharibyan, Mamikon"]
[Black "NLLO777"]
[WhiteFideId "13308300"]
[WhiteElo "2445"]
[BlackElo "2388"]
[Result "1-0"]
[Round "02"]
[TimeControl "180+2"]
[Date "2023.05.23"]
[WhiteClock "0:00:47"]
[BlackClock "0:00:19"]

1. b3 d5 2. Bb2 Nf6 3. Nf3 c5 4. e3 Bf5 5. Bb5+ Nbd7 6. Nh4 Bg4 7. f3 Bh5 8. g4 Bg6 9. g5 Nh5 10. f4 e6 11. Be2 h6 12. Bxh5 hxg5 13. Nxg6 fxg6 14. Bxg6+ Ke7 15. fxg5 Kd6 16. Nc3 Qxg5 17. Qe2 Qxg6 18. O-O-O Be7 19. Qb5 Kc7 20. d4 a6 21. Qe2 Raf8 22. dxc5 Bxc5 23. Rhg1 Qh6 24. Rxg7 Bxe3+ 25. Kb1 Rf2 26. Qg4 Qh5 27. Nxd5+ Kb8 28. Qxh5 Rxh5 29. Nxe3 Nc5 30. a4 Rfxh2 31. a5 Re2 32. Rd8+ Ka7 33. Rgg8 b5 34. Rg7+ Nb7 35. Bd4+ 1-0


[Site "https://www.chess.com"]

[Event "Titled Tuesday Blitz May 23 Early 2023"]
[White "Novikova, Galina"]
[Black "Macovei, Andrei"]
[WhiteFideId "4157095"]
[BlackFideId "13904680"]
[WhiteElo "1953"]
[BlackElo "2447"]
[Result "1-0"]
[Round "02"]
[TimeControl "180+2"]
[Date "2023.05.23"]
[WhiteClock "0:00:51"]
[BlackClock "0:00:00"]

1. e4 c6 2. d4 d5 3. e5 Bf5 4. Nc3 e6 5. g4 Bg6 6. Nge2 h6 7. Nf4 Bh7 8. Be3 Nd7 9. Bd3 Bxd3 10. Qxd3 a6 11. O-O-O Ne7 12. h4 c5 13. Kb1 cxd4 14. Bxd4 Nc6 15. Ncxd5 Nxd4 16. Qxd4 exd5 17. e6 Nf6 18. exf7+ Kxf7 19. g5 hxg5 20. hxg5 Rxh1 21. Rxh1 Ne4 22. g6+ Kg8 23. Nxd5 Nxf2 24. Qxf2 Qxd5 25. Rh8+ 1-0


[Site "https://www.chess.com"]

[Event "Titled Tuesday Blitz May 23 Early 2023"]
[White "Harsh Suresh"]
[Black "Makhmudov, Shukhrat"]
[WhiteFideId "45018464"]
[BlackFideId "14200775"]
[WhiteElo "2209"]
[BlackElo "2135"]
[Result "1-0"]
[Round "02"]
[TimeControl "180+2"]
[Date "2023.05.23"]
[WhiteClock "0:00:30"]
[BlackClock "0:01:16"]

1. e4 e5 2. Nf3 Nc6 3. Bb5 a6 4. Ba4 Nf6 5. O-O Be7 6. Bxc6 dxc6 7. Re1 Nd7 8. c3 c5 9. d3 O-O 10. Be3 b6 11. a4 a5 12. Nbd2 Ba6 13. Qc2 f6 14. h4 Re8 15. h5 Nf8 16. Nc4 Ne6 17. Nh4 Bf8 18. Rad1 Qd7 19. Qe2 Qxa4 20. Nf5 Qc6 21. Qg4 Kh8 22. Qh4 Nd8 23. f4 Bxc4 24. dxc4 Qxe4 25. Ng3 Qxc4 26. h6 g6 27. Qxf6+ Kg8 28. Rd7 Nf7 29. f5 Qg4 30. Qxf7+ 1-0


[Site "https://www.chess.com"]

[Event "Titled Tuesday Blitz May 23 Early 2023"]
[White "Boyer, Mahel"]
[Black "LeoLV10"]
[WhiteFideId "45102422"]
[WhiteElo "2439"]
[BlackElo "2378"]
[Result "1-0"]
[Round "02"]
[TimeControl "180+2"]
[Date "2023.05.23"]
[WhiteClock "0:00:04"]
[BlackClock "0:00:57"]

1. e4 c6 2. Nf3 d5 3. Nc3 Bg4 4. h3 Bxf3 5. Qxf3 e6 6. g3 Nd7 7. Bg2 g6 8. O-O Bg7 9. b3 Ne7 10. Ba3 O-O 11. Rae1 d4 12. Nd1 c5 13. Bc1 Nc6 14. Qe2 Qc7 15. a4 Rae8 16. f4 a6 17. Nf2 Nb4 18. d3 a5 19. h4 Nc6 20. h5 f5 21. hxg6 hxg6 22. g4 Nf6 23. g5 Nh5 24. exf5 exf5 25. Qxe8 Rxe8 26. Rxe8+ Kh7 27. Nh3 Nb4 28. Rfe1 Nxc2 29. R1e7 Qb6 30. Bd5 c4 31. Bg8+ Kh8 32. Re6 Qxe6 33. Bxe6+ Kh7 34. Bg8+ Kh8 35. bxc4 Nb4 36. Bf7+ Kh7 37. Re6 Ng3 38. Bxg6+ Kg8 39. Ba3 Bf8 40. Bxb4 axb4 41. Kg2 b3 42. Kxg3 b2 43. Rb6 Ba3 44. Bxf5 Kf7 45. Rxb7+ Ke8 46. g6 Kd8 47. Rxb2 Bxb2 48. g7 1-0


[Site "https://www.chess.com"]

[Event "Titled Tuesday Blitz May 23 Early 2023"]
[White "Sadubayev, Airat"]
[Black "Melikhov, Evgeny V."]
[WhiteFideId "13713264"]
[BlackFideId "4122046"]
[WhiteElo "2157"]
[BlackElo "2158"]
[Result "0-1"]
[Round "02"]
[TimeControl "180+2"]
[Date "2023.05.23"]
[WhiteClock "0:00:19"]
[BlackClock "0:01:20"]

1. d4 Nf6 2. c4 e6 3. Nf3 d5 4. g3 dxc4 5. Bg2 Nc6 6. O-O Rb8 7. a4 a6 8. Na3 b5 9. axb5 axb5 10. Bf4 Bd6 11. Ne5 Nb4 12. Bc6+ Bd7 13. Bxd7+ Nxd7 14. Qd2 Nxe5 15. dxe5 Be7 16. Qc1 O-O 17. Rd1 Qc8 18. e4 Qb7 19. Qe3 Qc6 20. Rac1 Bc5 21. Qe2 Nd3 22. Rc2 Nxf2 23. Kg2 Nxd1 24. Qxd1 Qxe4+ 25. Kh3 Rfd8 26. Qf1 Bxa3 27. Re2 Qf5+ 28. g4 Rd3+ 29. Kh4 g5+ 30. Kh5 Qg6# 0-1


[Site "https://www.chess.com"]

[Event "Titled Tuesday Blitz May 23 Early 2023"]
[White "Fernandez Garcia, Gumersindo"]
[Black "Gan-Od, Sereenen"]
[WhiteFideId "24516740"]
[BlackFideId "4901304"]
[WhiteElo "2093"]
[BlackElo "2265"]
[Result "0-1"]
[Round "02"]
[TimeControl "180+2"]
[Date "2023.05.23"]
[WhiteClock "0:00:09"]
[BlackClock "0:00:49"]

1. e4 c5 2. b4 cxb4 3. d4 e6 4. a3 Nf6 5. Bd3 d5 6. e5 Nfd7 7. Ne2 Nc6 8. O-O Be7 9. f4 O-O 10. f5 a5 11. Nf4 exf5 12. Bxf5 Nb6 13. Bd3 Nxd4 14. Qh5 h6 15. Be3 Nc6 16. e6 Bxe6 17. Nxe6 fxe6 18. Nd2 Rf6 19. Rxf6 Bxf6 20. Rf1 Ne5 21. Rxf6 Qxf6 22. Bxb6 Nxd3 23. cxd3 bxa3 24. Qd1 a2 25. Nb3 a4 26. Na1 Rf8 27. Nc2 Qb2 28. Bd4 Qb1 29. Qe1 Qxc2 0-1


[Site "https://www.chess.com"]

[Event "Titled Tuesday Blitz May 23 Early 2023"]
[White "Smirnov, Pavel"]
[Black "Kabilov, Amin"]
[WhiteFideId "4123425"]
[BlackFideId "14700859"]
[WhiteElo "2520"]
[BlackElo "2110"]
[Result "1-0"]
[Round "02"]
[TimeControl "180+2"]
[Date "2023.05.23"]
[WhiteClock "0:01:32"]
[BlackClock "0:00:09"]

1. d4 Nf6 2. c4 g6 3. g3 Bg7 4. Nf3 O-O 5. Bg2 d6 6. O-O Nbd7 7. Nc3 e5 8. b3 Re8 9. e4 exd4 10. Nxd4 Nc5 11. f3 c6 12. Be3 a5 13. Qd2 Qb6 14. Rab1 Be6 15. a3 Qc7 16. Nxe6 Rxe6 17. b4 axb4 18. axb4 Na6 19. Rfd1 Rae8 20. Kh1 Nd7 21. Ne2 Ne5 22. Qc2 c5 23. bxc5 dxc5 24. Nf4 Nb4 25. Qe2 R6e7 26. Nd5 Nxd5 27. cxd5 Rd7 28. f4 f5 29. fxe5 Qxe5 30. Bf4 Qe7 31. d6 Qe6 32. e5 Bxe5 33. Bd5 Qxd5+ 34. Rxd5 Bxf4 35. Qxe8+ 1-0


[Site "https://www.chess.com"]